Blackhawks vs Devils

Created - March 28, 2024 at 20:43

Goals
1 2 3 T
Blackhawks 1 1 2 4
Devils 0 1 1 2
Shots
1 2 3 T
Blackhawks 9 9 11 29
Devils 4 11 14 29

1st period

1. Blackhawks , Corey Perry 10 (Sean Bergenheim 12, Erik Haula 34) at 11:17

Penalties :
Anton Stralman (N.J) for High sticking (Minor) at 1:44, Logan Shaw (N.J) for Slashing (Minor) at 8:49, Antoine Roussel (Chi) for Holding (Minor) at 11:34

2nd period

2. Blackhawks , Derek Stepan 24 (Jakob Silfverberg 30) at 11:51
3. Devils , Sean Monahan 25 (Jonathan Huberdeau 18, Tyler Ennis 49) at 12:50

Penalties :
Nikita Zaitsev (Chi) for Hooking (Minor) at 6:43, Erik Haula (Chi) for Holding (Minor) at 19:35

3rd period

4. Devils , Nazem Kadri 32 (Tyler Ennis 50) at 0:10 (PP)
5. Blackhawks , William Karlsson 13 (Thomas Chabot 26) at 4:02
6. Blackhawks , Jakob Silfverberg 22 (Derek Stepan 20) at 12:18

Penalties :
No Penalty

Goalie Stats

Ilya Samsonov (Chi), 27 saves from 29 shots - (0.931), W, 15-19-2, 60:00 minutes
Thomas McCollum (N.J), 25 saves from 29 shots - (0.862), L, 7-5-1, 60:00 minutes

Players Stats for Blackhawks

Player Name              G  A  P  +/- PIM S  H  SB GA TA FO     MP     PP MP  PK MP  
------------------------------------------------------------------------------------
Adrian Kempe             0  0  0   1  0   1  3  0  0  0  2/3    14:36   0:00   2:03 
Antoine Roussel          0  0  0   1  2   2  1  1  0  1  0/1    12:36   2:03   1:07 
Brett Maclean            0  0  0   0  0   0  1  0  0  0  0/0     7:28   0:00   0:51 
Calvin de Haan           0  0  0   0  0   1  0  1  1  1  0/0    20:51   1:26   1:57 
Corey Perry              1  0  1   0  0   4  4  0  0  2  0/1    17:45   1:55   0:00 
Derek Stepan             1  1  2   2  0   4  1  0  1  1  17/28  20:10   2:03   1:23 
Erik Haula               0  1  1   0  2   2  2  0  1  0  7/12   18:39   1:55   0:55 
Jakob Chychrun           0  0  0   2  0   0  2  0  0  1  0/0    12:51   0:00   0:58 
Jakob Silfverberg        1  1  2   2  0   3  2  1  2  0  2/6    24:59   2:03   2:47 
James Wright             0  0  0   1  0   0  0  0  0  0  0/1     9:16   0:00   0:00 
Mike Amadio              0  0  0   1  0   0  2  0  1  0  0/0    12:13   0:00   0:00 
Nick Bonino              0  0  0   0  0   2  1  0  0  0  1/5     6:37   0:00   0:00 
Nikita Zaitsev           0  0  0   1  2   3  1  0  0  0  0/0    26:36   2:32   1:47 
PK Subban                0  0  0   1  0   2  1  2  0  0  0/0    27:51   2:32   3:06 
Robert Hagg              0  0  0   0  0   0  1  2  0  0  0/0    20:07   1:26   1:18 
Sean Bergenheim          0  1  1   0  0   3  2  0  1  0  0/0    17:45   1:55   0:00 
Thomas Chabot            0  1  1   2  0   0  0  2  1  0  0/0    11:48   0:00   0:00 
William Karlsson         1  0  1   1  0   2  1  0  0  0  4/4    13:16   0:00   0:00 

Players Stats for Devils

Player Name              G  A  P  +/- PIM S  H  SB GA TA FO     MP     PP MP  PK MP  
------------------------------------------------------------------------------------
Anton Lander             0  0  0  -1  0   0  0  0  0  1  2/7    11:49   0:00   2:01 
Anton Stralman           0  0  0  -2  2   2  2  0  0  1  0/0    20:37   0:00   1:13 
Brandon Carlo            0  0  0   1  0   0  0  2  0  1  0/0    19:04   0:00   2:39 
Brayden Point            0  0  0   0  0   2  2  0  0  0  7/10   15:19   3:10   0:22 
Jonathan Huberdeau       0  1  1   1  0   1  2  0  0  1  0/0    16:29   1:23   0:43 
Kristopher Letang        0  0  0  -3  0   0  0  1  2  0  0/0    23:33   2:35   1:04 
Logan Shaw               0  0  0   0  2   1  2  1  1  0  0/1    15:53   0:00   1:11 
Matt Donovan             0  0  0  -1  0   2  1  0  1  1  0/0    18:41   1:58   1:19 
Michael Del Zotto        0  0  0   0  0   1  3  1  0  2  0/0    19:16   2:35   0:00 
Miikka Salomaki          0  0  0   0  0   0  2  0  1  0  0/0     9:32   0:00   0:22 
Nail Yakupov             0  0  0   0  0   1  1  0  0  0  0/0     9:10   0:00   0:00 
Nazem Kadri              1  0  1  -3  0   2  1  1  0  0  13/26  20:18   3:10   1:19 
Nick Palmieri            0  0  0  -4  0   2  1  0  0  0  0/3    16:26   0:00   0:39 
Ondrej Kase              0  0  0   0  0   1  2  0  0  0  1/1    13:07   1:23   0:00 
Sean Monahan             1  0  1   1  0   5  1  1  1  0  4/10   15:41   1:23   0:00 
Sven Baertschi           0  0  0   0  0   1  0  0  0  0  0/0    11:44   0:00   0:00 
Thomas Hickey            0  0  0  -1  0   1  2  0  0  0  0/0    19:03   1:58   1:41 
Tyler Ennis              0  2  2  -3  0   7  1  0  0  1  1/3    20:18   3:10   1:19 

3 Stars

1 - Jakob Silfverberg (Chi)
2 - Derek Stepan (Chi)
3 - Corey Perry (Chi)

Power Play

Blackhawks - 0 on 2 Attempt(s) - 0.00%
Devils - 1 on 3 Attempt(s) - 33.33%

Penalty Kill

Blackhawks - 2 on 3 Attempt(s) - 66.67% - Score 0 goal in Penalty Kill
Devils - 2 on 2 Attempt(s) - 100.00% - Score 0 goal in Penalty Kill

Team Stat

Blackhawks - Hits : 25 - Faceoff Wins : 33 - Blocked Shots : 9 - Penalty Minutes : 6
Devils - Hits : 23 - Faceoff Wins : 28 - Blocked Shots : 7 - Penalty Minutes : 4

Official

Referees : Ian Walsh and Trevor Hanson
Linesman : Kiel Murchison and Julien Fournier

Game Notes

13:27 of 2nd period - Blackhawks goal is going for a video replay. After video review, No Goal. The puck has been kicked using a distinct kicking motion.
Antoine Roussel is injured at 18:56 of 2nd period (Sore Right Knee)

Finance

Level 1 -- Attendance: 6000 (100.00%) -- Ticket Income $600,000
Level 2 -- Attendance: 5000 (100.00%) -- Ticket Income $300,000
Level 3 -- Attendance: 1912 (95.60%) -- Ticket Income $66,920
Level 4 -- Attendance: 4000 (100.00%) -- Ticket Income $100,000
Luxury Box -- Attendance: 1000 (100.00%) -- Ticket Income $200,000
Game was played at the Prudential Center.
Total Attendance: 17912 (99.51%)
Total Ticket Income: $1,266,920
Other Income: $190,038
Total Income: $1,456,958

Blackhawks

5 vs 5 Forward 
   Center                   Left Wing                Right Wing               Time % Phy DF OF 
 1 Derek Stepan             Antoine Roussel          Jakob Silfverberg        40     1   2  2  
 2 Erik Haula               Sean Bergenheim          Corey Perry              30     1   2  2  
 3 William Karlsson         Adrian Kempe             Mike Amadio              20     1   2  2  
 4 Nick Bonino              Brett Maclean            Jakob Silfverberg        10     1   2  2  

5 vs 5 Defense 
   Defense                  Defense                                           Time % Phy DF OF 
 1 PK Subban                Nikita Zaitsev                                    40     1   2  2  
 2 Calvin de Haan           Robert Hagg                                       30     1   2  2  
 3 Thomas Chabot            Jakob Chychrun                                    20     1   2  2  
 4 PK Subban                Nikita Zaitsev                                    10     1   2  2  

PowerPlay Forward 
   Center                   Left Wing                Right Wing               Time % Phy DF OF 
 1 Derek Stepan             Antoine Roussel          Jakob Silfverberg        60     1   2  2  
 2 Erik Haula               Sean Bergenheim          Corey Perry              40     1   2  2  

PowerPlay Defense
   Defense                  Defense                                           Time % Phy DF OF 
 1 PK Subban                Nikita Zaitsev                                    60     1   2  2  
 2 Calvin de Haan           Robert Hagg                                       40     1   2  2  

Penalty Kill 4 Players Forward 
   Center                   Wing                     Time % Phy DF OF 
 1 Jakob Silfverberg        Antoine Roussel          60     1   2  2  
 2 Derek Stepan             Erik Haula               40     1   2  2  

Penalty Kill 4 Players Defense
   Defense                  Defense                  Time % Phy DF OF 
 1 PK Subban                Nikita Zaitsev           60     1   2  2  
 2 Calvin de Haan           Robert Hagg              40     1   2  2  

Penalty Kill - 3 Players Forward 
   Forward                                           Time % Phy DF OF 
 1 Jakob Silfverberg                                 60     1   2  2  
 2 Antoine Roussel                                   40     1   2  2  

Penalty Kill - 3 Players Defense
   Defense                  Defense                  Time % Phy DF OF 
 1 PK Subban                Nikita Zaitsev           60     1   2  2  
 2 Calvin de Haan           Robert Hagg              40     1   2  2  

4 vs 4 Forward 
   Center                   Wing                     Time % Phy DF OF 
 1 Jakob Silfverberg        Antoine Roussel          60     1   2  2  
 2 Derek Stepan             Erik Haula               40     1   2  2  

4 vs 4 Defense
   Defense                  Defense                  Time % Phy DF OF 
 1 PK Subban                Nikita Zaitsev           60     1   2  2  
 2 Calvin de Haan           Robert Hagg              40     1   2  2  

Last Minutes Offensive
   Center                   Left Wing                Right Wing               Defense                  Defense                  
   Derek Stepan             Antoine Roussel          Jakob Silfverberg        PK Subban                Nikita Zaitsev           

Last Minutes Defensive
   Center                   Left Wing                Right Wing               Defense                  Defense                  
   Derek Stepan             Antoine Roussel          Jakob Silfverberg        PK Subban                Nikita Zaitsev           

Goaltenders
Starting : Ilya Samsonov            
Backup : Joe Cannata              

Extra Forwards
Normal : James Wright, William Karlsson, Adrian Kempe - PP : James Wright, William Karlsson - PK : Adrian Kempe
Extra Defensemen
Normal : Thomas Chabot, Jakob Chychrun, Calvin de Haan - PP : Thomas Chabot - PK : Jakob Chychrun, Calvin de Haan
Penalty Shots
Jakob Silfverberg, Antoine Roussel, Derek Stepan, Erik Haula, Sean Bergenheim
Custom OT Lines Forwards
Jakob Silfverberg, Antoine Roussel, Derek Stepan, Erik Haula, Sean Bergenheim, Corey Perry, William Karlsson, Adrian Kempe, Mike Amadio, Nick Bonino
Custom OT Lines Defensemen
PK Subban, Nikita Zaitsev, Calvin de Haan, Robert Hagg, Thomas Chabot

Scratches
Radko Gudas (Broken Ribs Injury), Stefan Matteau (Healthy), Zach Whitecloud (Healthy)

Devils

5 vs 5 Forward 
   Center                   Left Wing                Right Wing               Time % Phy DF OF 
 1 Nazem Kadri              Tyler Ennis              Nick Palmieri            36     0   2  3  
 2 Sean Monahan             Jonathan Huberdeau       Logan Shaw               28     0   2  3  
 3 Brayden Point            Sven Baertschi           Ondrej Kase              22     0   2  3  
 4 Anton Lander             Miikka Salomaki          Nail Yakupov             14     0   2  3  

5 vs 5 Defense 
   Defense                  Defense                                           Time % Phy DF OF 
 1 Anton Stralman           Kristopher Letang                                 38     1   3  1  
 2 Brandon Carlo            Michael Del Zotto                                 32     1   3  1  
 3 Matt Donovan             Thomas Hickey                                     30     1   3  1  
 4 Brandon Carlo            Kristopher Letang                                 0      1   3  1  

PowerPlay Forward 
   Center                   Left Wing                Right Wing               Time % Phy DF OF 
 1 Nazem Kadri              Tyler Ennis              Brayden Point            60     0   0  5  
 2 Sean Monahan             Jonathan Huberdeau       Ondrej Kase              40     0   0  5  

PowerPlay Defense
   Defense                  Defense                                           Time % Phy DF OF 
 1 Michael Del Zotto        Kristopher Letang                                 60     0   2  3  
 2 Thomas Hickey            Matt Donovan                                      40     0   2  3  

Penalty Kill 4 Players Forward 
   Center                   Wing                     Time % Phy DF OF 
 1 Anton Lander             Logan Shaw               60     1   3  1  
 2 Nazem Kadri              Tyler Ennis              40     1   3  1  

Penalty Kill 4 Players Defense
   Defense                  Defense                  Time % Phy DF OF 
 1 Brandon Carlo            Anton Stralman           60     1   4  0  
 2 Matt Donovan             Thomas Hickey            40     1   4  0  

Penalty Kill - 3 Players Forward 
   Forward                                           Time % Phy DF OF 
 1 Nazem Kadri                                       60     0   4  1  
 2 Sean Monahan                                      40     0   4  1  

Penalty Kill - 3 Players Defense
   Defense                  Defense                  Time % Phy DF OF 
 1 Brandon Carlo            Anton Stralman           60     1   4  0  
 2 Matt Donovan             Kristopher Letang        40     1   4  0  

4 vs 4 Forward 
   Center                   Wing                     Time % Phy DF OF 
 1 Nazem Kadri              Tyler Ennis              60     0   2  3  
 2 Sean Monahan             Jonathan Huberdeau       40     0   2  3  

4 vs 4 Defense
   Defense                  Defense                  Time % Phy DF OF 
 1 Anton Stralman           Kristopher Letang        60     0   3  2  
 2 Brandon Carlo            Michael Del Zotto        40     0   3  2  

Last Minutes Offensive
   Center                   Left Wing                Right Wing               Defense                  Defense                  
   Nazem Kadri              Tyler Ennis              Nick Palmieri            Brandon Carlo            Kristopher Letang        

Last Minutes Defensive
   Center                   Left Wing                Right Wing               Defense                  Defense                  
   Nazem Kadri              Tyler Ennis              Nick Palmieri            Brandon Carlo            Kristopher Letang        

Goaltenders
Starting : Thomas McCollum          
Backup : Jonathan Quick           

Extra Forwards
Normal : Brayden Point, Nail Yakupov, Logan Shaw - PP : Nick Palmieri, Brayden Point - PK : Nick Palmieri
Extra Defensemen
Normal : Anton Stralman, Brandon Carlo, Michael Del Zotto - PP : Anton Stralman - PK : Anton Stralman, Thomas Hickey
Penalty Shots
Tyler Ennis, Sean Monahan, Nazem Kadri, Nick Palmieri, Brayden Point
Custom OT Lines Forwards
Nazem Kadri, Tyler Ennis, Jonathan Huberdeau, Sean Monahan, Brayden Point, Nick Palmieri, Logan Shaw, Ondrej Kase, Anton Lander, Nail Yakupov
Custom OT Lines Defensemen
Brandon Carlo, Kristopher Letang, Michael Del Zotto, Anton Stralman, Matt Donovan

Scratches
Damon Severson (Healthy), Eric Tangradi (Healthy), Calvin Pickard (Healthy)

% Time on Ice - Blackhawks

Lines # - Real PCT - Wanted PCT - Time Play
Normal Forward
1 - 33% - 40% - 16:49
2 - 31% - 30% - 15:50
3 - 24% - 20% - 12:13
4 - 13% - 10% - 6:37
Normal Defense
1 - 39% - 40% - 20:14
2 - 34% - 30% - 17:23
3 - 23% - 20% - 11:48
4 - 4% - 10% - 2:04
PP Forward
1 - 52% - 60% - 2:03
2 - 48% - 40% - 1:55
PP Defense
1 - 64% - 60% - 2:32
2 - 36% - 40% - 1:26
PK Forward
1 - 80% - 60% - 3:38
2 - 20% - 40% - 0:55
PK Defense
1 - 71% - 60% - 3:15
2 - 29% - 40% - 1:18
PK3 Forward
1 - 0% - 60%
2 - 0% - 40%
PK3 Defense
1 - 0% - 60%
2 - 0% - 40%
44 Forward
1 - 0% - 60%
2 - 0% - 40%
44 Defense
1 - 0% - 60%
2 - 0% - 40%
Last Minute Offensive  - 0:00
Last Minute Defensive  - 0:00
Total
Forward - 60:00
Defense - 60:00

% Time on Ice - Devils

Lines # - Real PCT - Wanted PCT - Time Play
Normal Forward
1 - 32% - 36% - 16:31
2 - 27% - 28% - 14:04
3 - 23% - 22% - 11:44
4 - 18% - 14% - 9:10
Normal Defense
1 - 39% - 38% - 19:54
2 - 33% - 32% - 16:59
3 - 28% - 30% - 14:36
4 - 0% - 0% - 0:00
PP Forward
1 - 70% - 60% - 3:10
2 - 30% - 40% - 1:23
PP Defense
1 - 57% - 60% - 2:35
2 - 43% - 40% - 1:58
PK Forward
1 - 67% - 60% - 2:39
2 - 33% - 40% - 1:19
PK Defense
1 - 67% - 60% - 2:39
2 - 33% - 40% - 1:19
PK3 Forward
1 - 0% - 60%
2 - 0% - 40%
PK3 Defense
1 - 0% - 60%
2 - 0% - 40%
44 Forward
1 - 0% - 60%
2 - 0% - 40%
44 Defense
1 - 0% - 60%
2 - 0% - 40%
Last Minute Offensive  - 0:00
Last Minute Defensive  - 0:00
Total
Forward - 60:00
Defense - 60:00

Play-by-Play

1st period


0:01 of 1st period - Derek Stepan wins face-off versus Nazem Kadri in neutral zone.
0:04 of 1st period - Slapshot by Derek Stepan.
0:04 of 1st period - Shot Blocked by Nazem Kadri.
0:06 of 1st period - Snap shot by PK Subban.
0:06 of 1st period - Deflect By Kristopher Letang.
0:06 of 1st period - Stopped by Thomas McCollum without a rebound.
0:07 of 1st period - Derek Stepan wins face-off versus Nazem Kadri in Devils zone.
0:12 of 1st period - Wrist shot by Antoine Roussel.
0:12 of 1st period - Shot Misses the Net.
0:14 of 1st period - Slapshot by Derek Stepan.
0:14 of 1st period - Stopped by Thomas McCollum with a rebound.
0:16 of 1st period - Slapshot by Nikita Zaitsev.
0:16 of 1st period - Shot Misses the Net.
0:18 of 1st period - Wrist shot by PK Subban.
0:18 of 1st period - Shot Misses the Net.
0:20 of 1st period - Wrist shot by Antoine Roussel.
0:20 of 1st period - Stopped by Thomas McCollum with a rebound.
0:26 of 1st period - Backhand shot by Derek Stepan.
0:26 of 1st period - Shot Misses the Net.
0:28 of 1st period - Wrist shot by Antoine Roussel.
0:28 of 1st period - Deflect By Derek Stepan.
0:28 of 1st period - Shot Misses the Net.
0:28 of 1st period - Puck is out of play.
0:29 of 1st period - Erik Haula wins face-off versus Sean Monahan in Devils zone.
0:38 of 1st period - Snap shot by Corey Perry.
0:38 of 1st period - Shot Blocked by Logan Shaw.
0:40 of 1st period - Slapshot by Corey Perry.
0:40 of 1st period - Stopped by Thomas McCollum without a rebound.
0:41 of 1st period - Adrian Kempe wins face-off versus Brayden Point in Devils zone.
0:55 of 1st period - Mike Amadio is hit by Ondrej Kase and loses puck.
1:06 of 1st period - Wrist shot by Sean Monahan.
1:06 of 1st period - Stopped by Ilya Samsonov without a rebound.
1:07 of 1st period - Sean Monahan wins face-off versus Erik Haula in Blackhawks zone.
1:16 of 1st period - Backhand shot by Sean Bergenheim.
1:16 of 1st period - Shot Blocked by Sean Monahan.
1:18 of 1st period - Snap shot by Calvin de Haan.
1:18 of 1st period - Stopped by Thomas McCollum with a rebound.
1:22 of 1st period - Wrist shot by Corey Perry.
1:22 of 1st period - Stopped by Thomas McCollum with a rebound.
1:24 of 1st period - Slapshot by Erik Haula.
1:24 of 1st period - Shot Misses the Net.
1:33 of 1st period - Off-side.
1:34 of 1st period - Anton Lander wins face-off versus Nick Bonino in neutral zone.
1:39 of 1st period - Icing by Jakob Silfverberg.
1:40 of 1st period - Nick Bonino wins face-off versus Anton Lander in Blackhawks zone.
1:44 of 1st period - Minor Penalty to Anton Stralman for High sticking.
1:45 of 1st period - Derek Stepan wins face-off versus Anton Lander in Devils zone.
2:49 of 1st period - Snap shot by Jakob Silfverberg.
2:49 of 1st period - Stopped by Thomas McCollum without a rebound.
2:50 of 1st period - Erik Haula wins face-off versus Anton Lander in Devils zone.
3:44 of 1st period - Penalty to Anton Stralman is over, Anton Stralman is back on ice.
3:51 of 1st period - Brayden Point is hit by Corey Perry and loses puck.
4:16 of 1st period - Snap shot by Tyler Ennis.
4:16 of 1st period - Shot Misses the Net.
4:32 of 1st period - Calvin de Haan is hit by Logan Shaw and loses puck.
4:51 of 1st period - Derek Stepan is hit by Ondrej Kase and loses puck.
5:46 of 1st period - Erik Haula is hit by Brayden Point and loses puck.
6:11 of 1st period - Nikita Zaitsev is hit by Sean Monahan and loses puck.
6:47 of 1st period - Wrist shot by Ondrej Kase.
6:47 of 1st period - Shot Misses the Net.
7:14 of 1st period - Jakob Chychrun is hit by Nail Yakupov and loses puck.
7:29 of 1st period - Logan Shaw is hit by Mike Amadio.
7:59 of 1st period - Erik Haula is hit by Thomas Hickey and loses puck.
8:29 of 1st period - Slapshot by Nick Bonino.
8:29 of 1st period - Stopped by Thomas McCollum without a rebound.
8:30 of 1st period - Sean Monahan wins face-off versus Nick Bonino in Devils zone.
8:30 of 1st period - Sean Monahan is hit by Nick Bonino.
8:49 of 1st period - Minor Penalty to Logan Shaw for Slashing.
8:50 of 1st period - Anton Lander wins face-off versus Antoine Roussel in Devils zone.
9:57 of 1st period - Matt Donovan is hit by Sean Bergenheim and loses puck.
10:20 of 1st period - Corey Perry is hit by Anton Stralman and loses puck.
10:49 of 1st period - Penalty to Logan Shaw is over, Logan Shaw is back on ice.
10:54 of 1st period - Logan Shaw is hit by Corey Perry and loses puck.
11:17 of 1st period - Slapshot by Corey Perry.
11:17 of 1st period - Goal by Corey Perry - Blackhawks : 1 - Devils : 0.
11:18 of 1st period - Sean Monahan wins face-off versus Derek Stepan in neutral zone.
11:22 of 1st period - Kristopher Letang is hit by Robert Hagg and loses puck.
11:29 of 1st period - Snap shot by Logan Shaw.
11:29 of 1st period - Shot Blocked by Calvin de Haan.
11:31 of 1st period - Snap shot by Sean Monahan.
11:31 of 1st period - Stopped by Ilya Samsonov without a rebound.
11:32 of 1st period - Derek Stepan wins face-off versus Nazem Kadri in Blackhawks zone.
11:34 of 1st period - Minor Penalty to Antoine Roussel for Holding.
11:35 of 1st period - Nazem Kadri wins face-off versus Jakob Silfverberg in Blackhawks zone.
12:13 of 1st period - Snap shot by Jonathan Huberdeau.
12:13 of 1st period - Shot Misses the Net.
13:34 of 1st period - Penalty to Antoine Roussel is over, Antoine Roussel is back on ice.
13:40 of 1st period - Snap shot by Tyler Ennis.
13:40 of 1st period - Shot Blocked by PK Subban.
13:54 of 1st period - Erik Haula is hit by Tyler Ennis and loses puck.
14:09 of 1st period - Wrist shot by Tyler Ennis.
14:09 of 1st period - Stopped by Ilya Samsonov with a rebound.
14:11 of 1st period - Snap shot by Matt Donovan.
14:11 of 1st period - Deflect By Sean Bergenheim.
14:11 of 1st period - Stopped by Ilya Samsonov with a rebound.
14:13 of 1st period - Slapshot by Matt Donovan.
14:13 of 1st period - Deflect By Nazem Kadri.
14:13 of 1st period - Shot Misses the Net.
14:13 of 1st period - Puck is out of play.
14:14 of 1st period - Adrian Kempe wins face-off versus Sean Monahan in Blackhawks zone.
14:41 of 1st period - Anton Stralman is hit by Antoine Roussel and loses puck.
15:20 of 1st period - Jakob Chychrun is hit by Miikka Salomaki and loses puck.
16:56 of 1st period - Matt Donovan is hit by Jakob Silfverberg and loses puck.
17:32 of 1st period - Nazem Kadri is hit by Mike Amadio and loses puck.
17:50 of 1st period - Ondrej Kase is hit by Corey Perry.
18:00 of 1st period - Jakob Silfverberg is hit by Jonathan Huberdeau and loses puck.
18:42 of 1st period - Corey Perry is hit by Miikka Salomaki and loses puck.
19:06 of 1st period - PK Subban is hit by Anton Stralman and loses puck.
19:27 of 1st period - Icing by Michael Del Zotto.
19:28 of 1st period - Erik Haula wins face-off versus Anton Lander in Devils zone.
Goals for this period are 1 for Blackhawks vs 0 for Devils.
Shots for this period are 9 for Blackhawks vs 4 for Devils.

2nd period


0:01 of 2nd period - Jakob Silfverberg wins face-off versus Nazem Kadri in neutral zone.
0:16 of 2nd period - Slapshot by Nick Palmieri.
0:16 of 2nd period - Stopped by Ilya Samsonov with a rebound.
1:02 of 2nd period - Brayden Point is hit by Adrian Kempe and loses puck.
1:50 of 2nd period - Wrist shot by Nazem Kadri.
1:50 of 2nd period - Stopped by Ilya Samsonov without a rebound.
1:51 of 2nd period - Nazem Kadri wins face-off versus Derek Stepan in Blackhawks zone.
2:45 of 2nd period - Backhand shot by Nick Bonino.
2:45 of 2nd period - Stopped by Thomas McCollum without a rebound.
2:46 of 2nd period - Brayden Point wins face-off versus Derek Stepan in Devils zone.
3:35 of 2nd period - Adrian Kempe is hit by Michael Del Zotto.
3:55 of 2nd period - Slapshot by Anton Stralman.
3:55 of 2nd period - Deflect By Ondrej Kase.
3:55 of 2nd period - Shot Misses the Net.
3:55 of 2nd period - Puck is out of play.
3:56 of 2nd period - Nazem Kadri wins face-off versus Erik Haula in Blackhawks zone.
4:23 of 2nd period - Jakob Silfverberg is hit by Matt Donovan and loses puck.
4:46 of 2nd period - Anton Stralman is hit by William Karlsson.
5:32 of 2nd period - Slapshot by Thomas Hickey.
5:32 of 2nd period - Stopped by Ilya Samsonov with a rebound.
6:10 of 2nd period - Ondrej Kase is hit by Erik Haula and loses puck.
6:35 of 2nd period - Backhand shot by Tyler Ennis.
6:35 of 2nd period - Deflect By Nick Palmieri.
6:35 of 2nd period - Shot Misses the Net.
6:35 of 2nd period - Puck is out of play.
6:36 of 2nd period - Nazem Kadri wins face-off versus Erik Haula in Blackhawks zone.
6:37 of 2nd period - Wrist shot by Tyler Ennis.
6:37 of 2nd period - Stopped by Ilya Samsonov with a rebound.
6:39 of 2nd period - Slapshot by Nick Palmieri.
6:39 of 2nd period - Stopped by Ilya Samsonov without a rebound.
6:40 of 2nd period - Nazem Kadri wins face-off versus Jakob Silfverberg in Blackhawks zone.
6:41 of 2nd period - Snap shot by Tyler Ennis.
6:41 of 2nd period - Shot Misses the Net.
6:43 of 2nd period - Minor Penalty to Nikita Zaitsev for Hooking.
6:44 of 2nd period - Nazem Kadri wins face-off versus Jakob Silfverberg in Blackhawks zone.
8:14 of 2nd period - Icing by Thomas Hickey.
8:15 of 2nd period - Ondrej Kase wins face-off versus Adrian Kempe in Devils zone.
8:43 of 2nd period - Penalty to Nikita Zaitsev is over, Nikita Zaitsev is back on ice.
8:50 of 2nd period - Icing by Calvin de Haan.
8:51 of 2nd period - Erik Haula wins face-off versus Anton Lander in Blackhawks zone.
8:57 of 2nd period - Thomas Chabot is hit by Thomas Hickey and loses puck.
9:38 of 2nd period - Nick Palmieri is hit by Derek Stepan and loses puck.
9:57 of 2nd period - Wrist shot by Sean Bergenheim.
9:57 of 2nd period - Stopped by Thomas McCollum with a rebound.
10:17 of 2nd period - Slapshot by William Karlsson.
10:17 of 2nd period - Deflect By Nail Yakupov.
10:17 of 2nd period - Stopped by Thomas McCollum with a rebound.
10:19 of 2nd period - Slapshot by PK Subban.
10:19 of 2nd period - Shot Misses the Net.
10:21 of 2nd period - Snap shot by Mike Amadio.
10:21 of 2nd period - Shot Misses the Net.
10:23 of 2nd period - Slapshot by PK Subban.
10:23 of 2nd period - Deflect By William Karlsson.
10:23 of 2nd period - Shot Misses the Net.
10:23 of 2nd period - Puck is out of play.
10:24 of 2nd period - Nazem Kadri wins face-off versus Corey Perry in Devils zone.
11:03 of 2nd period - Sean Monahan is hit by PK Subban and loses puck.
11:24 of 2nd period - Slapshot by Ondrej Kase.
11:24 of 2nd period - Shot Misses the Net.
11:26 of 2nd period - Snap shot by Brayden Point.
11:26 of 2nd period - Deflect By Adrian Kempe.
11:26 of 2nd period - Shot Misses the Net.
11:26 of 2nd period - Puck is out of play.
11:27 of 2nd period - Nazem Kadri wins face-off versus Derek Stepan in Blackhawks zone.
11:30 of 2nd period - Wrist shot by Nazem Kadri.
11:30 of 2nd period - Shot Misses the Net.
11:33 of 2nd period - Icing by Antoine Roussel.
11:34 of 2nd period - Derek Stepan wins face-off versus Tyler Ennis in Blackhawks zone.
11:39 of 2nd period - Wrist shot by Antoine Roussel.
11:39 of 2nd period - Shot Blocked by Kristopher Letang.
11:51 of 2nd period - Slapshot by Derek Stepan.
11:51 of 2nd period - Goal by Derek Stepan - Blackhawks : 2 - Devils : 0.
11:52 of 2nd period - Derek Stepan wins face-off versus Nazem Kadri in neutral zone.
12:03 of 2nd period - Snap shot by Antoine Roussel.
12:03 of 2nd period - Shot Misses the Net.
12:05 of 2nd period - Slapshot by Nikita Zaitsev.
12:05 of 2nd period - Stopped by Thomas McCollum with a rebound.
12:07 of 2nd period - Wrist shot by Antoine Roussel.
12:07 of 2nd period - Stopped by Thomas McCollum with a rebound.
12:09 of 2nd period - Wrist shot by Derek Stepan.
12:09 of 2nd period - Shot Hit the Post.
12:48 of 2nd period - Slapshot by Jonathan Huberdeau.
12:48 of 2nd period - Stopped by Ilya Samsonov with a rebound.
12:50 of 2nd period - Backhand shot by Jonathan Huberdeau.
12:50 of 2nd period - Deflect By Sean Monahan.
12:50 of 2nd period - Goal by Sean Monahan - Blackhawks : 2 - Devils : 1.
12:51 of 2nd period - Derek Stepan wins face-off versus Sean Monahan in neutral zone.
13:25 of 2nd period - Wrist shot by Sean Bergenheim.
13:25 of 2nd period - Shot Misses the Net.
13:27 of 2nd period - Wrist shot by Corey Perry.
13:27 of 2nd period - Blackhawks goal is going for a video replay.
13:27 of 2nd period - The goal is refused. The puck has been kicked using a distinct kicking motion..
13:28 of 2nd period - Brayden Point wins face-off versus Derek Stepan in Devils zone.
14:14 of 2nd period - Calvin de Haan is hit by Logan Shaw and loses puck.
14:35 of 2nd period - Backhand shot by Calvin de Haan.
14:35 of 2nd period - Shot Blocked by Brandon Carlo.
14:37 of 2nd period - Slapshot by Robert Hagg.
14:37 of 2nd period - Shot Misses the Net.
14:51 of 2nd period - Slapshot by Nick Bonino.
14:51 of 2nd period - Shot Misses the Net.
14:53 of 2nd period - Slapshot by Nick Bonino.
14:53 of 2nd period - Deflect By Jakob Silfverberg.
14:53 of 2nd period - Stopped by Thomas McCollum with a rebound.
14:55 of 2nd period - Snap shot by Nick Bonino.
14:55 of 2nd period - Shot Hit the Post.
14:57 of 2nd period - Slapshot by PK Subban.
14:57 of 2nd period - Shot Blocked by Brandon Carlo.
15:43 of 2nd period - Nazem Kadri is hit by Jakob Chychrun and loses puck.
15:50 of 2nd period - Matt Donovan is hit by Jakob Chychrun and loses puck.
16:06 of 2nd period - Off-side.
16:07 of 2nd period - William Karlsson wins face-off versus Logan Shaw in neutral zone.
16:59 of 2nd period - Slapshot by Tyler Ennis.
16:59 of 2nd period - Shot Misses the Net.
17:01 of 2nd period - Wrist shot by Matt Donovan.
17:01 of 2nd period - Stopped by Ilya Samsonov without a rebound.
17:02 of 2nd period - Derek Stepan wins face-off versus Nazem Kadri in Blackhawks zone.
17:09 of 2nd period - Slapshot by PK Subban.
17:09 of 2nd period - Stopped by Thomas McCollum without a rebound.
17:10 of 2nd period - Derek Stepan wins face-off versus Nick Palmieri in Devils zone.
18:54 of 2nd period - Wrist shot by Sean Monahan.
18:54 of 2nd period - Shot Blocked by Thomas Chabot.
18:56 of 2nd period - Slapshot by Jonathan Huberdeau.
18:56 of 2nd period - Shot Blocked by Antoine Roussel.
18:56 of 2nd period - Antoine Roussel from Blackhawks is injured at 18:56 of 2nd period (Sore Right Knee).
18:57 of 2nd period - Tyler Ennis wins face-off versus James Wright in Blackhawks zone.
19:10 of 2nd period - Wrist shot by Tyler Ennis.
19:10 of 2nd period - Stopped by Ilya Samsonov with a rebound.
19:12 of 2nd period - Snap shot by Tyler Ennis.
19:12 of 2nd period - Stopped by Ilya Samsonov with a rebound.
19:14 of 2nd period - Snap shot by Tyler Ennis.
19:14 of 2nd period - Stopped by Ilya Samsonov with a rebound.
19:24 of 2nd period - Logan Shaw is hit by Sean Bergenheim.
19:28 of 2nd period - Wrist shot by Corey Perry.
19:28 of 2nd period - Shot Misses the Net.
19:35 of 2nd period - Minor Penalty to Erik Haula for Holding.
19:36 of 2nd period - Jakob Silfverberg wins face-off versus Nazem Kadri in Blackhawks zone.
19:52 of 2nd period - Brayden Point is hit by Adrian Kempe and loses puck.
Goals for this period are 1 for Blackhawks vs 1 for Devils.
Shots for this period are 9 for Blackhawks vs 11 for Devils.

3rd period


0:01 of 3rd period - Nazem Kadri wins face-off versus Jakob Silfverberg in neutral zone.
0:10 of 3rd period - Wrist shot by Nazem Kadri.
0:10 of 3rd period - Goal by Nazem Kadri - Blackhawks : 2 - Devils : 2.
0:11 of 3rd period - Derek Stepan wins face-off versus Nazem Kadri in neutral zone.
0:24 of 3rd period - Jakob Silfverberg is hit by Nazem Kadri.
0:39 of 3rd period - Off-side.
0:40 of 3rd period - Erik Haula wins face-off versus Sean Monahan in neutral zone.
1:01 of 3rd period - Snap shot by Sean Monahan.
1:01 of 3rd period - Stopped by Ilya Samsonov with a rebound.
1:57 of 3rd period - Snap shot by Logan Shaw.
1:57 of 3rd period - Shot Misses the Net.
2:27 of 3rd period - Wrist shot by Erik Haula.
2:27 of 3rd period - Stopped by Thomas McCollum with a rebound.
2:33 of 3rd period - Snap shot by Sean Bergenheim.
2:33 of 3rd period - Shot Misses the Net.
2:35 of 3rd period - Slapshot by Robert Hagg.
2:35 of 3rd period - Deflect By Corey Perry.
2:35 of 3rd period - Shot Misses the Net.
2:35 of 3rd period - Puck is out of play.
2:36 of 3rd period - Derek Stepan wins face-off versus Tyler Ennis in Devils zone.
2:42 of 3rd period - Off-side.
2:43 of 3rd period - Nazem Kadri wins face-off versus Derek Stepan in neutral zone.
2:53 of 3rd period - Off-side.
2:54 of 3rd period - Nazem Kadri wins face-off versus Derek Stepan in neutral zone.
3:21 of 3rd period - William Karlsson is hit by Brayden Point and loses puck.
3:26 of 3rd period - Wrist shot by Ondrej Kase.
3:26 of 3rd period - Shot Misses the Net.
3:28 of 3rd period - Snap shot by Brayden Point.
3:28 of 3rd period - Stopped by Ilya Samsonov with a rebound.
4:00 of 3rd period - Wrist shot by William Karlsson.
4:00 of 3rd period - Shot Misses the Net.
4:02 of 3rd period - Snap shot by William Karlsson.
4:02 of 3rd period - Goal by William Karlsson - Blackhawks : 3 - Devils : 2.
4:03 of 3rd period - Nazem Kadri wins face-off versus Derek Stepan in neutral zone.
4:08 of 3rd period - Backhand shot by Tyler Ennis.
4:08 of 3rd period - Shot Blocked by Robert Hagg.
4:10 of 3rd period - Snap shot by Nick Palmieri.
4:10 of 3rd period - Deflect By Nazem Kadri.
4:10 of 3rd period - Shot Misses the Net.
4:10 of 3rd period - Puck is out of play.
4:11 of 3rd period - Derek Stepan wins face-off versus Nazem Kadri in Blackhawks zone.
4:50 of 3rd period - Wrist shot by Tyler Ennis.
4:50 of 3rd period - Shot Blocked by Robert Hagg.
5:22 of 3rd period - Off-side.
5:23 of 3rd period - Brayden Point wins face-off versus Erik Haula in neutral zone.
5:23 of 3rd period - Brayden Point is hit by Erik Haula.
5:35 of 3rd period - Slapshot by Brayden Point.
5:35 of 3rd period - Stopped by Ilya Samsonov without a rebound.
5:36 of 3rd period - Erik Haula wins face-off versus Brayden Point in Blackhawks zone.
6:03 of 3rd period - William Karlsson is hit by Jonathan Huberdeau and loses puck.
6:30 of 3rd period - Slapshot by Nail Yakupov.
6:30 of 3rd period - Shot Blocked by Thomas Chabot.
7:06 of 3rd period - Slapshot by Thomas Chabot.
7:06 of 3rd period - Deflect By Sean Bergenheim.
7:06 of 3rd period - Stopped by Thomas McCollum with a rebound.
7:12 of 3rd period - Erik Haula is hit by Nick Palmieri and loses puck.
7:49 of 3rd period - Snap shot by Ondrej Kase.
7:49 of 3rd period - Stopped by Ilya Samsonov with a rebound.
8:08 of 3rd period - Wrist shot by Nail Yakupov.
8:08 of 3rd period - Shot Misses the Net.
8:14 of 3rd period - Miikka Salomaki is hit by Nikita Zaitsev and loses puck.
8:25 of 3rd period - Robert Hagg is hit by Michael Del Zotto and loses puck.
9:23 of 3rd period - Erik Haula is hit by Michael Del Zotto and loses puck.
10:03 of 3rd period - Snap shot by Logan Shaw.
10:03 of 3rd period - Deflect By Jonathan Huberdeau.
10:03 of 3rd period - Shot Misses the Net.
10:03 of 3rd period - Puck is out of play.
10:04 of 3rd period - Nazem Kadri wins face-off versus Nick Bonino in Blackhawks zone.
10:07 of 3rd period - Snap shot by Nick Palmieri.
10:07 of 3rd period - Shot Blocked by Jakob Silfverberg.
10:15 of 3rd period - Slapshot by Nazem Kadri.
10:15 of 3rd period - Deflect By Tyler Ennis.
10:15 of 3rd period - Stopped by Ilya Samsonov with a rebound.
10:17 of 3rd period - Snap shot by Tyler Ennis.
10:17 of 3rd period - Stopped by Ilya Samsonov with a rebound.
10:19 of 3rd period - Snap shot by Nazem Kadri.
10:19 of 3rd period - Shot Misses the Net.
10:21 of 3rd period - Snap shot by Anton Stralman.
10:21 of 3rd period - Stopped by Ilya Samsonov without a rebound.
10:22 of 3rd period - Sean Monahan wins face-off versus Erik Haula in Blackhawks zone.
10:23 of 3rd period - Snap shot by Jonathan Huberdeau.
10:23 of 3rd period - Shot Misses the Net.
10:25 of 3rd period - Wrist shot by Logan Shaw.
10:25 of 3rd period - Shot Hit the Post.
10:27 of 3rd period - Snap shot by Logan Shaw.
10:27 of 3rd period - Shot Misses the Net.
10:29 of 3rd period - Snap shot by Michael Del Zotto.
10:29 of 3rd period - Stopped by Ilya Samsonov without a rebound.
10:30 of 3rd period - Erik Haula wins face-off versus Sean Monahan in Blackhawks zone.
10:37 of 3rd period - Snap shot by Erik Haula.
10:37 of 3rd period - Stopped by Thomas McCollum without a rebound.
10:38 of 3rd period - Derek Stepan wins face-off versus Nazem Kadri in Devils zone.
11:50 of 3rd period - Snap shot by Derek Stepan.
11:50 of 3rd period - Stopped by Thomas McCollum without a rebound.
11:51 of 3rd period - Derek Stepan wins face-off versus Nazem Kadri in Devils zone.
12:18 of 3rd period - Snap shot by Jakob Silfverberg.
12:18 of 3rd period - Goal by Jakob Silfverberg - Blackhawks : 4 - Devils : 2.
12:19 of 3rd period - Derek Stepan wins face-off versus Nick Palmieri in neutral zone.
12:28 of 3rd period - Slapshot by Derek Stepan.
12:28 of 3rd period - Stopped by Thomas McCollum with a rebound.
12:46 of 3rd period - Kristopher Letang is hit by Adrian Kempe and loses puck.
12:59 of 3rd period - Slapshot by Sean Monahan.
12:59 of 3rd period - Stopped by Ilya Samsonov with a rebound.
13:32 of 3rd period - Thomas Hickey is hit by Corey Perry and loses puck.
13:55 of 3rd period - Snap shot by Nail Yakupov.
13:55 of 3rd period - Shot Blocked by PK Subban.
14:01 of 3rd period - Snap shot by Miikka Salomaki.
14:01 of 3rd period - Deflect By Nail Yakupov.
14:01 of 3rd period - Stopped by Ilya Samsonov without a rebound.
14:02 of 3rd period - Derek Stepan wins face-off versus Nazem Kadri in Blackhawks zone.
14:04 of 3rd period - Icing by Jakob Chychrun.
14:05 of 3rd period - Derek Stepan wins face-off versus Nick Palmieri in Blackhawks zone.
14:20 of 3rd period - Wrist shot by Derek Stepan.
14:20 of 3rd period - Shot Misses the Net.
15:00 of 3rd period - Snap shot by Sven Baertschi.
15:00 of 3rd period - Deflect By Thomas Chabot.
15:00 of 3rd period - Stopped by Ilya Samsonov without a rebound.
15:01 of 3rd period - William Karlsson wins face-off versus Brayden Point in Blackhawks zone.
15:37 of 3rd period - Snap shot by Sean Bergenheim.
15:37 of 3rd period - Stopped by Thomas McCollum without a rebound.
15:38 of 3rd period - Brayden Point wins face-off versus Derek Stepan in Devils zone.
16:02 of 3rd period - Icing by Brayden Point.
16:03 of 3rd period - William Karlsson wins face-off versus Nazem Kadri in Devils zone.
16:30 of 3rd period - Brayden Point is hit by Jakob Silfverberg and loses puck.
16:41 of 3rd period - Snap shot by Jakob Silfverberg.
16:41 of 3rd period - Shot Misses the Net.
17:15 of 3rd period - Wrist shot by Jonathan Huberdeau.
17:15 of 3rd period - Deflect By Sean Monahan.
17:15 of 3rd period - Shot Misses the Net.
17:15 of 3rd period - Puck is out of play.
17:16 of 3rd period - William Karlsson wins face-off versus Sean Monahan in Blackhawks zone.
17:25 of 3rd period - Snap shot by Adrian Kempe.
17:25 of 3rd period - Stopped by Thomas McCollum with a rebound.
18:01 of 3rd period - Wrist shot by Logan Shaw.
18:01 of 3rd period - Stopped by Ilya Samsonov without a rebound.
18:02 of 3rd period - Brayden Point wins face-off versus Nick Bonino in Blackhawks zone.
18:13 of 3rd period - Slapshot by Nikita Zaitsev.
18:13 of 3rd period - Stopped by Thomas McCollum with a rebound.
18:36 of 3rd period - Wrist shot by Brett Maclean.
18:36 of 3rd period - Shot Misses the Net.
18:48 of 3rd period - Anton Lander is hit by Brett Maclean and loses puck.
19:03 of 3rd period - Slapshot by Nick Bonino.
19:03 of 3rd period - Shot Blocked by Michael Del Zotto.
19:12 of 3rd period - Off-side.
19:13 of 3rd period - Brayden Point wins face-off versus Derek Stepan in neutral zone.
19:20 of 3rd period - Snap shot by Anton Stralman.
19:20 of 3rd period - Stopped by Ilya Samsonov without a rebound.
19:21 of 3rd period - Brayden Point wins face-off versus Derek Stepan in Blackhawks zone.
19:36 of 3rd period - Backhand shot by Nikita Zaitsev.
19:36 of 3rd period - Stopped by Thomas McCollum with a rebound.
Goals for this period are 2 for Blackhawks vs 1 for Devils.
Shots for this period are 11 for Blackhawks vs 14 for Devils.